 Dungeon Crawl Stone Soup version 0.29.1 (webtiles) character file.

Game seed: 14848239389399511661

477 qw the Chopper (level 7, -6/43 HPs)
             Began as a Gargoyle Fighter on Sept 13, 2022.
             Killed by divine providence
             ... invoked by an orc priest
              (13 damage)
             ... on level 5 of the Dungeon.
             The game lasted 00:01:14 (4147 turns).

qw the Chopper (Gargoyle Fighter)                   Turns: 4147, Time: 00:01:14

Health: -6/43      AC: 12    Str: 21    XL:     7   Next: 11%
Magic:  7/7        EV:  9    Int:  9    God:
Gold:   246        SH:  4    Dex:  9    Spells: 6/6 levels left

rFire   . . .      SeeInvis .   Y - +0 war axe
rCold   . . .      Faith    .   c - +0 buckler
rNeg    + . .      Spirit   .   b - +0 scale mail
rPois   inf        Reflect  .   (no helmet)
rElec   +          Harm     .   (no cloak)
rCorr   .          Rampage  .   (no gloves)
Will    .....                   f - +0 pair of boots
Stlth   ..........              (no amulet)
HPRegen 0.14/turn               (no ring)
MPRegen 0.10/turn               (no ring)

@: no status effects
A: sickness immunity, AC +4, negative energy resistance 1, electricity
resistance, torment resistance 1, petrification resistance
a: no special abilities


You were on level 5 of the Dungeon.
You visited 1 branch of the dungeon, and saw 5 of its levels.

You collected 246 gold pieces.


Innate Abilities, Weirdness & Mutations

You are immune to sickness and miasma.
Your stone body is resilient. (AC +4)
You are immune to poison.
You resist negative energy. (rN+)
You are resistant to electric shocks. (rElec)
You are resistant to unholy torment.
You are immune to petrification.


   Skills:
 - Level 4.2 Fighting
 + Level 6.2 Axes
 - Level 3.2 Armour
 - Level 1.0 Dodging
 - Level 3.2 Shields


You had 6 spell levels left.
You didn't know any spells.
Your spell library was empty.

Inventory:

Hand Weapons
 p - a +0 morningstar of protection
 Y - a +0 war axe (weapon)
Missiles
 q - 3 boomerangs (quivered)
Armour
 b - a +0 scale mail (worn)
 c - a +0 buckler (worn)
 e - a +3 ring mail
 f - a +0 pair of boots (worn)
Scrolls
 a - a scroll of identify
 h - 2 scrolls of teleportation
 l - 3 scrolls of fog {unknown}
Potions
 d - a potion of might
 g - a potion of curing {unknown}
 i - a potion of haste {unknown}
 j - a potion of heal wounds
 k - a potion of lignification {unknown}
 m - a potion of degeneration {unknown}
 n - a potion of attraction {unknown}
 o - a potion of brilliance {unknown}

Dungeon Overview and Level Annotations

Branches:
Dungeon (5/15)
 Temple: D:4-7

Altars:
Makhleb
Trog
Vehumet

Shops:
D:2 =   D:4 :


Message History

The orc priest is severely wounded.
You barely miss the orc priest.
The orc priest hits you but does no damage.
The orc priest closely misses you.
You barely miss the orc priest.
The orc priest is severely wounded.
You hit the orc priest but do no damage.
You block the orc priest's attack.
The orc priest hits you but does no damage.
The orc priest casts a cantrip, but nothing happens.
You closely miss the orc priest.
The orc priest is severely wounded.
You hit the orc.
The orc priest calls down the wrath of Beogh upon you.
Beogh smites you! The orc completely misses you.
You hit the orc priest but do no damage.
The orc priest is severely wounded.
You closely miss the orc.
The orc priest hits you but does no damage.
The orc hits you with a +0 club.
You closely miss the orc priest.
The orc priest is severely wounded.
You closely miss the orc.
The orc priest miscasts a cantrip.
The orc hits you but does no damage.
You slash the orc priest!
You kill the orc priest!
You closely miss the orc.
The orc priest calls upon Beogh to heal the orc.
The orc's wounds heal themselves!
The orc hits you but does no damage.
You hit the orc priest.
The orc priest is lightly wounded.
You barely miss the orc.
The orc priest calls down the wrath of Beogh upon you.
You struggle to resist.
The orc hits you but does no damage.
The orc priest calls down the wrath of Beogh upon you.
Beogh smites you! The orc hits you with a +0 club.
The orc priest invokes the aid of Beogh against you.
Beogh smites you!
You die... ########### #.>.......# #...$..... .....o. #ooo#

#@#
#.#####..
#.......# ..
###...#####
#. #.....##
..
#####.###..#
. #.....#
##..#
#.#.#####
#.... #.#.#
###..#


You could see 2 orc priests and 2 orcs.

Vanquished Creatures
  A phantom (D:5)
  A bullfrog (D:4)
  A necrophage (D:5)
  A scorpion (D:4)
  A crimson imp (D:3)
  A gnoll bouda (D:5)
  An orc priest (D:5)
  A jelly (D:5)
  3 gnolls (D:5)
  An adder (D:2)
  2 dart slugs (D:2)
  5 orcs (D:5)
  6 ball pythons
  2 bats
  4 endoplasms
  A giant cockroach (D:1)
  4 hobgoblins
  4 jackals (D:1)
  6 kobolds
  6 quokkas
  A frilled lizard (D:1)
  9 goblins
  3 rats
65 creatures vanquished.

Notes
Turn   | Place    | Note
-------+----------+-------------------------------------------
     0 | D:1      | qw the Gargoyle Fighter began the quest for the Orb.
     0 | D:1      | Reached XP level 1. HP: 14/14 MP: 1/1
     0 | D:1      | 0 ||| qw: Version: 0.1-a-119-g272c26d
     0 | D:1      | 0 ||| qw: Game counter: 11230
     0 | D:1      | 0 ||| qw: Always use a shield: true
     0 | D:1      | 0 ||| qw: God list: Okawaru
     0 | D:1      | 0 ||| qw: Allow faded altars: false
     0 | D:1      | 0 ||| qw: Do Orc after D:15 true
     0 | D:1      | 0 ||| qw: Do second Lair branch before Depths: true
     0 | D:1      | 0 ||| qw: Lair rune preference: random
     0 | D:1      | 0 ||| qw: Plans: Normal, Zot, God:TSO, Crypt, Tomb, Pan,
                  | Slime, Hells, Zig, Abyss, Orb
     0 | D:1      | 0 ||| PLANNING D:1-11
    56 | D:1      | Found a faded altar of an unknown god.
   126 | D:1      | 126 ||| Stepping ~*~*~tactically~*~*~ (stealth).
   132 | D:1      | Reached skill level 2 in Axes
   136 | D:1      | Reached XP level 2. HP: 14/19 MP: 2/2
   214 | D:1      | 214 ||| DROPPING +0 club.
   376 | D:1      | 376 ||| Stepping ~*~*~tactically~*~*~ (stealth).
   522 | D:1      | Reached skill level 3 in Axes
   648 | D:1      | Reached XP level 3. HP: 23/23 MP: 3/3
   696 | D:1      | 696 ||| READING scroll labelled XUSHRA TIMUJICK.
   697 | D:1      | 697 ||| READING scroll labelled OZXEX CUUKE.
   702 | D:1      | 702 ||| READING scroll labelled VEWUF XUSOMECERPH.
   703 | D:1      | 703 ||| READING scroll labelled GIUCOPYWNUA.
   861 | D:2      | Found Zogonib's Jewellery Shoppe.
   869 | D:2      | 869 ||| SHOPLISTING +4 ring of evasion (396 gold, have 83).
   869 | D:2      | 869 ||| SHOPLISTING +4 ring of protection (396 gold, have
                  | 83).
   869 | D:2      | 869 ||| SHOPLISTING amulet of the acrobat (330 gold, have
                  | 83).
   869 | D:2      | 869 ||| SHOPLISTING ring of Rofodwo {Str+6 Int+3} (542
                  | gold, have 83).
   869 | D:2      | 869 ||| SHOPLISTING ring of fire (275 gold, have 83).
   869 | D:2      | 869 ||| SHOPLISTING ring of protection from cold (275 gold,
                  | have 83).
  1075 | D:2      | 1075 ||| Stepping ~*~*~tactically~*~*~ (hiding).
  1182 | D:2      | 1182 ||| Stepping ~*~*~tactically~*~*~ (stealth).
  1198 | D:2      | 1198 ||| Stepping ~*~*~tactically~*~*~ (stealth).
  1238 | D:2      | 1238 ||| Stepping ~*~*~tactically~*~*~ (stealth).
  1265 | D:2      | 1265 ||| Stepping ~*~*~tactically~*~*~ (hiding).
  1784 | D:2      | Reached XP level 4. HP: 28/28 MP: 4/4
  1812 | D:2      | 1812 ||| READING scroll labelled SAIGIU BEIR.
  1813 | D:2      | 1813 ||| DRINKING 2 cyan potions.
  2054 | D:3      | Found a burning altar of Makhleb.
  2054 | D:3      | Found a radiant altar of Vehumet.
  2072 | D:3      | 2072 ||| Stepping ~*~*~tactically~*~*~ (hiding).
  2083 | D:3      | 2083 ||| Stepping ~*~*~tactically~*~*~ (hiding).
  2090 | D:3      | Reached skill level 4 in Axes
  2112 | D:3      | 2112 ||| Stepping ~*~*~tactically~*~*~ (stealth).
  2123 | D:3      | 2123 ||| FLEEEEING.
  2127 | D:3      | 2127 ||| Stepping ~*~*~tactically~*~*~ (stealth).
  2135 | D:3      | 2135 ||| Stepping ~*~*~tactically~*~*~ (stealth).
  2269 | D:3      | Found a bloodstained altar of Trog.
  2356 | D:3      | 2356 ||| DROPPING +0 whip.
  2462 | D:3      | 2462 ||| UPGRADING to +0 pair of boots.
  2467 | D:3      | 2467 ||| READING scroll labelled XUXIADEMME.
  2468 | D:3      | 2468 ||| DRINKING 2 fuming cyan potions.
  2469 | D:3      | 2469 ||| DROPPING potion of magic.
  2643 | D:4      | Found Xaatt's Book Emporium.
  2770 | D:4      | Noticed a scorpion
  2771 | D:4      | 2771 ||| Stepping ~*~*~tactically~*~*~ (stealth).
  2772 | D:4      | 2772 ||| Stepping ~*~*~tactically~*~*~ (stealth).
  2773 | D:4      | 2773 ||| Stepping ~*~*~tactically~*~*~ (stealth).
  2779 | D:4      | Killed a scorpion
  2780 | D:4      | Reached skill level 5 in Axes
  2780 | D:4      | Reached XP level 5. HP: 16/32 MP: 5/5
  3343 | D:5      | Entered Level 5 of the Dungeon
  3373 | D:5      | Reached skill level 1 in Dodging
  3373 | D:5      | Reached XP level 6. HP: 33/38 MP: 6/6
  3377 | D:5      | HP: 6/38 [gnoll bouda/+0 whip (7)]
  3378 | D:5      | 3378 ||| READING 2 scrolls of teleportation.
  3379 | D:5      | 3379 ||| DRINKING 2 potions of heal wounds.
  3538 | D:5      | 3538 ||| Stepping ~*~*~tactically~*~*~ (stealth).
  3546 | D:5      | 3546 ||| FLEEEEING.
  3550 | D:5      | 3550 ||| FLEEEEING.
  3551 | D:5      | 3551 ||| FLEEEEING.
  3552 | D:5      | 3552 ||| FLEEEEING.
  3553 | D:5      | 3553 ||| FLEEEEING.
  3554 | D:5      | 3554 ||| FLEEEEING.
  3555 | D:5      | 3555 ||| FLEEEEING.
  3556 | D:5      | 3556 ||| FLEEEEING.
  3557 | D:5      | 3557 ||| FLEEEEING.
  3558 | D:5      | 3558 ||| FLEEEEING.
  3559 | D:5      | 3559 ||| FLEEEEING.
  3560 | D:5      | 3560 ||| STAIRDANCE
  3664 | D:4      | 3664 ||| READING 2 scrolls of identify.
  3664 | D:4      | 3664 ||| IDENTIFYING fuming emerald potion
  3665 | D:4      | 3665 ||| DROPPING potion of berserk rage.
  3869 | D:5      | Reached skill level 6 in Axes
  3869 | D:5      | Reached XP level 7. HP: 37/43 MP: 7/7
  3914 | D:5      | 3914 ||| Stepping ~*~*~tactically~*~*~ (stealth).
  3916 | D:5      | 3916 ||| Stepping ~*~*~tactically~*~*~ (stealth).
  4138 | D:5      | 4138 ||| Stepping ~*~*~tactically~*~*~ (hiding).
  4147 | D:5      | HP: 7/43 [orc/+0 club (4)]
  4147 | D:5      | Killed from afar by an orc priest

Levels and vault maps discovered:
D:1:      minmay_arrival_radiant_lines, layout_basic, basic_ecumenical_altar
D:2:      layout_loops_ring, serial_shops,
          nicolae_shop_temple_entry_statues_fountains, minmay_tetromino_i2
D:3:      layout_basic, mainiacjoe_overflow_chevrons,
          grunt_temple_overflow_lords_of_destruction,
          hangedman_abyss_or_decor_lesser_grid
D:4:      layout_loops_ring, serial_shops, nicolae_shop_trees
D:5:      layout_rooms, bh_walls_and_bars, uniq_crazy_yiuf_cottage

Skill      XL: |  1  2  3  4  5  6 |
---------------+-------------------+-----
Axes           | 2 3 5 6 |  6.2
Fighting       | 4 |  4.2
Dodging        | 1 |  1.0
Armour         | |  3.2
Shields        | |  3.2

Action                   |  1- 3 |  4- 6 |  7- 9 || total
-------------------------+-------+-------+-------++-------
Melee: War axe           |   111 |   102 |    18 ||   231
  Use: Scroll            |     4 |     4 |       ||     8
       Potion            |       |     3 |       ||     3
Armor: Scale mail        |    72 |    51 |     9 ||   132
Dodge: Dodged            |    64 |    34 |     7 ||   105
Block: Buckler           |    14 |    12 |     3 ||    29

Table legend:
 A = Non-vault XP
 B = Vault XP
 C = Vault XP percentage of total XP
 D = Non-vault monster count
 E = Vault monster count
 F = Vault count percentage of total count
                 A         B        C        D         E       F
            +---------+---------+-------+---------+---------+-------
      Total |     634 |      48 |   7.0 |      63 |       2 |   3.1
            +---------+---------+-------+---------+---------+-------
        D:1 |      45 |       0 |   0.0 |      25 |       0 |   0.0
        D:2 |      35 |       2 |   5.4 |      13 |       1 |   7.1
        D:3 |      12 |      46 |  79.3 |       6 |       1 |  14.3
        D:4 |     173 |       0 |   0.0 |       5 |       0 |   0.0
        D:5 |     369 |       0 |   0.0 |      14 |       0 |   0.0
            +---------+---------+-------+---------+---------+-------
